 Dungeon Crawl Stone Soup version 0.16.1-4-g8e1b745 (webtiles) character file.

37 abixa the Insei (level 3, -7/29 HPs)
             Began as a Human Monk on Mar 27, 2015.
             Mangled by RobertPalmer's ghost (16 damage)
             ... on level 3 of the Dungeon.
             The game lasted 00:03:38 (1666 turns).

abixa the Insei (Human Monk)                        Turns: 1666, Time: 00:03:38

Health: -7/29      AC:  6    Str: 11    XL:     3   Next: 62%
Magic:  3/3        EV: 11    Int: 10    God:
Gold:   20         SH:  0    Dex: 16    Spells: 0 memorised, 2 levels left

rFire  . . .     SeeInvis .     b - +3 hunting sling
rCold  . . .     Clarity  .     j - +0 ring mail
rNeg   . . .     SustAb   .     (no shield)
rPois  .         Gourm    .     (no helmet)
rElec  .         Spirit   .     (no cloak)
rCorr  .         Warding  .     s - +0 pair of gloves
rMut   .         Stasis   .     (no boots)
MR     .....                    (no amulet)
Stlth  +.........               (no ring)
                                (no ring)

@: not resistant to hostile enchantments, very unstealthy
A: no striking features
a: no special abilities


You were on level 3 of the Dungeon.
You were very hungry.

You visited 1 branch of the dungeon, and saw 3 of its levels.

You collected 20 gold pieces.

Inventory:

Hand weapons
 b - a +3 hunting sling (weapon)
Missiles
 c - 63 stones (quivered)
 e - 8 poisoned needles
 q - 18 sling bullets
Armour
 j - a +0 ring mail (worn)
 s - a +0 pair of gloves (worn)
Jewellery
 h - an uncursed ring of protection from magic {unknown}
 l - an uncursed ring of stealth {unknown}
 m - an uncursed ring of protection from magic {unknown}
 y - an uncursed ring of see invisible {unknown}
Scrolls
 f - 3 scrolls of identify {unknown}
 g - 2 scrolls of random uselessness {unknown}
 k - a scroll of blinking {unknown}
 n - a scroll of magic mapping {unknown}
 r - a scroll of recharging {unknown}
 u - a scroll of remove curse {unknown}
Potions
 o - a potion of heal wounds {unknown}
 p - a potion of haste {unknown}
 t - a potion of mutation {unknown}
 v - 2 potions of brilliance {unknown}
 w - a potion of poison {unknown}
 x - a potion of might {unknown}
Comestibles
 a - 3 fruits
 d - 3 bread rations
 i - a slice of pizza


   Skills:
 - Level 3.0 Fighting
 - Level 3.0 Dodging
 - Level 2.0 Stealth
 + Level 5.1 Unarmed Combat


You had 2 spell levels left.
You didn't know any spells.

Dungeon Overview and Level Annotations

Branches:
Dungeon (3/15)

Altars:

Annotations:
D:3 RobertPalmer's ghost, average FoFi


Message History

The stone hits RobertPalmer's ghost but does no damage.
RobertPalmer's ghost barely misses you.
Firing (i - inventory. (,) - cycle):
c - 65 stones (quivered)
Press: ? - help, Shift-Dir - straight line, f/p - RobertPalmer's ghost
Aim: RobertPalmer's ghost You shoot a stone.
The stone hits RobertPalmer's ghost but does no damage.
RobertPalmer's ghost hits you but does no damage.
Firing (i - inventory. (,) - cycle):
c - 64 stones (quivered)
Press: ? - help, Shift-Dir - straight line, f/p - RobertPalmer's ghost
Aim: RobertPalmer's ghost You shoot a stone.
The stone hits RobertPalmer's ghost but does no damage.
RobertPalmer's ghost hits you. The hobgoblin barely misses you.
RobertPalmer's ghost hits you!
Ouch! That really hurt!
The hobgoblin hits you but does no damage.
RobertPalmer's ghost hits you!
Ouch! That really hurt!
You die...

. ..#. ##. .. ..
.. ...... .. #
.....#.#.###...
##...........
...........###$
.##.#.......((...
..?.....@W.(#
###.#..g....#
#...#$......
...## ...##..
#... ...# . #..
...# . .... ...#
.


You could see RobertPalmer's ghost and a hobgoblin.

Vanquished Creatures
  A ball python (D:1)
  3 giant cockroaches (D:1)
  10 hobgoblins
  4 kobolds (D:1)
  5 bats
  2 giant newts (D:1)
  5 goblins
  A quokka (D:2)
  3 rats
34 creatures vanquished.

Notes
Turn   | Place    | Note
--------------------------------------------------------------
     0 | D:1      | abixa, the Human Monk, began the quest for the Orb.
     0 | D:1      | Reached XP level 1. HP: 18/18 MP: 1/1
   159 | D:1      | Reached XP level 2. HP: 24/24 MP: 2/2
   541 | D:1      | Reached XP level 3. HP: 29/29 MP: 3/3
   720 | D:1      | Reached skill level 5 in Unarmed Combat
  1658 | D:3      | Noticed RobertPalmer's ghost (average FoFi)
  1666 | D:3      | Mangled by RobertPalmer's ghost

Action                   || total
-------------------------++-------
Melee: Unarmed           ||    18
 Fire: Hunting sling     ||    73
Throw: Stone             ||     1
  Eat: Chunk             ||     1
